 Dungeon Crawl Stone Soup version 0.27-a0-1217-g8a41f320e8 (webtiles) character file.

Game seed: 10750501608971814131

664 roflturtle the Changer (level 7, 0/55 HPs)
             Began as a Black Draconian Transmuter on June 5, 2021.
             Was an Initiate of Okawaru.
             Engulfed by a steam dragon's steam (7 damage)
             ... on level 6 of the Dungeon on June 6, 2021.
             The game lasted 00:16:02 (5490 turns).

roflturtle the Changer (Black Draconian Transmuter) Turns: 5490, Time: 00:16:02

Health: 0/55       AC:  2    Str: 13    XL:     7   Next: 31%
Magic:  8/13       EV: 20    Int: 15    God:    Okawaru [......]
Gold:   162        SH:  0    Dex: 16    Spells: 1/14 levels left

rFire    . . .     SeeInvis .     - Unarmed
rCold    . . .     Faith    .   (shield currently unavailable)
rNeg     + . .     Spirit   .   (armour unavailable)
rPois    x         Reflect  .   (helmet currently unavailable)
rElec    .         Harm     .   (cloak currently unavailable)
rCorr    .         Rampage  .   (gloves currently unavailable)
Will     .....                  (boots currently unavailable)
Stlth    +.........             j - amulet of regeneration
HPRegen  1.18/turn              e - ring of positive energy
MPRegen  0.13/turn              (no ring)

@: spider-form
A: venomous fangs, (breathe lightning), AC +6, tiny, unfitting armour,
(electricity resistance), (cold-blooded)
a: End Transformation, Renounce Religion


You were on level 6 of the Dungeon.
You worshipped Okawaru.
Okawaru was noncommittal.
You were a venomous arachnid creature.
You visited 2 branches of the dungeon, and saw 7 of its levels.

You collected 162 gold pieces.

Inventory:

Jewellery
 e - a ring of positive energy (left front leg)
 j - an amulet of regeneration (around neck)
 r - a ring of see invisible
 t - a ring of resist corrosion
 u - an amulet of guardian spirit
 v - an amulet of faith
Wands
 k - a wand of flame (5)
Scrolls
 a - 3 scrolls of enchant armour {unknown}
 d - a scroll of immolation {unknown}
 g - 5 scrolls of identify {unknown}
 m - a scroll of amnesia {unknown}
 n - 2 scrolls of blinking {unknown}
 o - a scroll of holy word {unknown}
 q - a scroll of acquirement {unknown}
 x - a scroll of noise {unknown}
Potions
 b - a potion of curing {unknown}
 c - a potion of attraction {unknown}
 f - 2 potions of berserk rage {unknown}
 h - 2 potions of magic {unknown}
 i - a potion of ambrosia {unknown}
 l - 3 potions of degeneration {unknown}
 p - 2 potions of lignification {unknown}
 s - a potion of cancellation {unknown}
 w - 2 potions of might {unknown}


   Skills:
 - Level 2.0 Fighting
 - Level 3.1 Dodging
 - Level 3.1 Unarmed Combat
 - Level 4.0 Spellcasting
 - Level 4.0 Transmutations
 + Level 0.0 Air Magic
 - Level 4.0 Poison Magic
 - Level 2.1 Invocations


You had one spell level left.
You knew the following spells:

 Your Spells              Type           Power      Damage    Failure   Level
a - Beastly Appendage     Tmut           30%        N/A       12%         1
b - Wereblood             Tmut           15%        N/A       16%         2
c - Spider Form           Tmut/Pois      7%         N/A       26%         3
d - Ice Form              Ice/Tmut       9%         N/A       80%         4
e - Swiftness             Air            3%         N/A       69%         3

Your spell library contained the following spells:

 Spells                   Type           Power      Damage    Failure   Level
 Magic Dart               Conj           12%        1d3       38%         1
 Sandblast                Erth           6%         2d5       38%         1
 Shock                    Conj/Air       12%        1d3       38%         1
 Passwall                 Tmut/Erth      7%         N/A       28%         2
 Blink                    Tloc           N/A        N/A       47%         2
 Call Imp                 Summ           3%         N/A       47%         2
 Slow                     Hex            3%         N/A       47%         2
 Static Discharge         Conj/Air       3%         N/A       47%         2
 Mephitic Cloud           Conj/Pois/Air  7%         N/A       52%         3
 Conjure Flame            Conj/Fire      3%         6-21      69%         3
 Stone Arrow              Conj/Erth      6%         3d7       69%         3
 Petrify                  Tmut/Erth      9%         N/A       80%         4
 Hydra Form               Tmut           7%         N/A       85%         5
 Airstrike                Air            1%         N/A       96%         4
 Bolt of Magma            Conj/Fire/Erth 1%         4d4       100%        5
 Iskenderun's Battlesphe  Conj           3%         2d6       100%        5
 Lee's Rapid Deconstruct  Erth           1%         3d5*      100%        5
 Lightning Bolt           Conj/Air       1%         1d12      100%        5
 Iron Shot                Conj/Erth      1%         9d1       100%        6
 Orb of Destruction       Conj           1%         N/A       100%        7
 Spellforged Servitor     Conj/Summ      1%         N/A       100%        7


Dungeon Overview and Level Annotations

Branches:
Dungeon (6/15)             Temple (1/1) D:5

Altars:
Cheibriados
Elyvilon
Kikubaaqudgha
Nemelex Xobeh
Okawaru
Ru
Sif Muna
Trog
Vehumet
Wu Jian
Xom
Yredelemnul
Zin
The Shining One


Innate Abilities, Weirdness & Mutations

You are a venomous arachnid creature.
You have poisonous fangs.
You are tiny and dextrous.
Your spellcasting is less reliable in this form.
Your armour is entirely melded.
You are incapable of wielding weapons or throwing items.
((You can breathe wild blasts of lightning.))
((Your glossy black scales are hard. (AC +6)))
You cannot fit into any form of body armour.
((You are resistant to electric shocks. (rElec)))
((You are cold-blooded and may be slowed by cold attacks.))


Message History

You are very lightly contaminated with residual magic.
Nothing appears to happen.
The steam dragon hisses angrily.
Casting: Spider Form (dangerous; 11% risk of failure)
Press: ? - help, Q - select action, (/) - cycle Dir - look around, f - activate You turn into a venomous arachnid creature.
The steam dragon misses you. x2
You barely miss the steam dragon. The steam dragon bites you.
The steam dragon claws you.
You hit the steam dragon.
The steam dragon is lightly wounded.
The steam dragon closely misses you. x2
You hit the steam dragon but do no damage.
The steam dragon is poisoned.
The steam dragon is lightly wounded.
The steam dragon bites you! The steam dragon barely misses you.
You hit the steam dragon but do no damage.
The steam dragon looks as sick as possible!
The steam dragon is lightly wounded.
The steam dragon closely misses you. The steam dragon barely misses you.
You hit the steam dragon but do no damage.
The steam dragon looks as sick as possible!
The steam dragon is lightly wounded.
The steam dragon bites you. The steam dragon completely misses you.
You hit the steam dragon.
The steam dragon looks as sick as possible!
The steam dragon is moderately wounded.
The steam dragon breathes steam at you. The ball of steam hits you!
Your magical contamination has completely faded away.
You hit the steam dragon.
The steam dragon looks as sick as possible!
The steam dragon is heavily wounded.
You are engulfed in a cloud of scalding steam.
The steam dragon bites you! The steam dragon claws you.
The steam dragon breathes steam at you. The ball of steam hits you!
* * * LOW HITPOINT WARNING * * *
You are engulfed in a cloud of scalding steam.
You die...

#.# ##.### ###
##....# ##.#
##...###
#..#####....#
#..##....#..##
###......####..##
........##
#...###########
........##
##§§s§§D......##
.........##
####...§.......
######....##
#####.....##
##....# #...##
##...# ...# #...#
...# ####...#
...# #####....<.#
...# .....##....#
#..#


There were no monsters in sight!

Vanquished Creatures
  2 black bears
  A necrophage (D:5)
  4 hounds
  Natasha (thrice) (D:4)
  A hound skeleton (D:4)
  4 gnolls
  6 adders
  A howler monkey skeleton (D:5)
  2 worms (D:3)
  3 dart slugs (D:3)
  4 orcs
  3 ball pythons (D:1)
  8 endoplasms
  4 giant cockroaches (D:2)
  10 goblins
  5 hobgoblins
  8 jackals
  4 kobolds
  A quokka (D:2)
  4 bats
  3 frilled lizards
  5 rats
86 creatures vanquished.

Vanquished Creatures (others)
  A goblin (D:3)
1 creature vanquished.

Grand Total: 87 creatures vanquished

Notes
Turn   | Place    | Note
-------+----------+-------------------------------------------
     0 | D:1      | roflturtle the Draconian Transmuter began the quest for the
                  | Orb.
     0 | D:1      | Reached XP level 1. HP: 16/16 MP: 3/3
   360 | D:1      | Reached XP level 2. HP: 23/23 MP: 5/5
   364 | D:1      | Learned a level 2 spell: Wereblood
  1142 | D:2      | Reached XP level 3. HP: 28/28 MP: 4/6
  1419 | D:2      | Learned a level 3 spell: Spider Form
  1744 | D:2      | Reached skill level 1 in Poison Magic
  2166 | D:3      | Found a glowing drain.
  2197 | D:3      | Reached XP level 4. HP: 19/36 MP: 7/7
  2381 | D:3      | Noticed a black bear
  2396 | D:3      | Killed a black bear
  2397 | D:3      | Reached XP level 5. HP: 38/41 MP: 4/8
  2536 | D:3      | Found a faded altar of an unknown god.
  2814 | D:3      | Found a radiant altar of Vehumet.
  2883 | D:3      | Found a white marble altar of Elyvilon.
  3035 | D:4      | Noticed Natasha
  3041 | D:4      | Killed Natasha
  3049 | D:3      | HP: 1/41 [gnoll/+0 club (5)]
  3418 | D:4      | Noticed Natasha
  3424 | D:4      | Killed Natasha
  3425 | D:4      | Reached XP level 6. HP: 48/48 MP: 2/9
  3446 | D:4      | Noticed Natasha
  3461 | D:4      | Killed Natasha
  3809 | D:4      | Found an ancient bone altar of Kikubaaqudgha.
  4125 | D:5      | Entered Level 5 of the Dungeon
  4271 | D:5      | Found a staircase to the Ecumenical Temple.
  4297 | Temple   | Entered the Ecumenical Temple
  4503 | Temple   | Became a worshipper of Warmaster Okawaru
  4593 | D:5      | Your scales start taking on a glossy black colour.
  4593 | D:5      | Reached XP level 7. HP: 35/55 MP: 10/13
  4593 | D:5      | Gained mutation: You are resistant to electric shocks.
                  | (rElec) [Black Draconian growth]
  4677 | D:5      | Learned a level 4 spell: Ice Form
  4681 | D:5      | Learned a level 3 spell: Swiftness
  4760 | D:5      | Reached skill level 1 in Invocations
  5477 | D:6      | Noticed a steam dragon
  5490 | D:6      | Engulfed by a steam dragon's steam

Illustrated notes

Levels and vault maps discovered:
D:1:      minmay_arrival_diagonal_passages, layout_loops_cross,
          minmay_tromino_i4
D:2:      layout_basic
D:3:      layout_rooms, fiery_altar_vehumet, elyvilon_altar_5,
          cheibrodos_sewer_entry_bend, shapermc_ecumenical_altar_mp_urbaneastern
D:4:      layout_loops_ring, lemuel_doored_altar, uniq_natasha
D:5:      layout_loops_corners, minmay_temple_entry_grid
D:6:      layout_layer_cave
Temple:   grunt_temple_mini_profane

Skill      XL: |  1  2  3  4  5  6  7 |
---------------+----------------------+-----
Dodging        | 2 3 |  3.1
Transmutations | 3 4 |  4.0
Fighting       | 2 |  2.0
Poison Magic   | 1 3 4 |  4.0
Spellcasting   | 4 |  4.0
Invocations    | 2 |  2.1
Unarmed Combat | |  3.1

Action                   |  1- 3 |  4- 6 |  7- 9 || total
-------------------------+-------+-------+-------++-------
Melee: Unarmed           |   140 |   174 |    35 ||   349
       Tailslap          |    12 |     7 |       ||    19
       Kick              |     9 |     3 |       ||    12
       Headbutt          |     7 |     4 |       ||    11
       Punch             |     1 |       |       ||     1
 Cast: Beastly Appendage |     9 |     3 |       ||    12
       Spider Form       |       |    12 |     3 ||    15
       Wereblood         |       |     2 |       ||     2
 Stab: Sleeping          |     2 |       |       ||     2
Armor: Skin              |    29 |    36 |     5 ||    70
Dodge: Dodged            |    87 |   128 |    25 ||   240

Table legend: (Time is in decaauts)
 A = Elapsed time spent in this place.
 B = Non-inter-level travel time spent in this place.
 C = Inter-level travel time spent in this place.
 D = Time resting spent in this place.
 E = Time spent auto-exploring this place.
 F = Levels seen in this place.
 G = Mean time per level.
                   A        B        C        D        E       F      G
               +--------+--------+--------+--------+--------+-----+--------+
         Total |   5495 |   5318 |    177 |    506 |   3653 |   7 |  785.0 |
       Dungeon |   5264 |   5132 |    132 |    506 |   3473 |   6 |  877.3 |
        Temple |    231 |    186 |     45 |      0 |    180 |   1 |  231.0 |
               +--------+--------+--------+--------+--------+-----+--------+

Top non-repeatable levels by time:
     D:3: 1369 daAuts
     D:2: 1306 daAuts
     D:5: 951 daAuts
     D:4: 779 daAuts
     D:1: 679 daAuts
  Temple: 231 daAuts
     D:6: 178 daAuts
